 Dungeon Crawl Stone Soup version 0.24.0-123-gd5b16e6ec5 (webtiles) character file.

Game seed: 2682172454408713406, levelgen mode: deterministic

296 ReteAZ the Slasher (level 6, 0/48 HPs)
             Began as a Human Fighter on Jan 6, 2020.
             Slain by a jackal (1 damage)
             ... on level 3 of the Dungeon.
             The game lasted 00:04:55 (2021 turns).

ReteAZ the Slasher (Human Fighter)                  Turns: 2021, Time: 00:04:56

Health: 0/48       AC: 14    Str: 19 (21) XL:     6   Next: 62%
Magic:  6/6        EV:  3    Int: 12 (13) God:
Gold:   183        SH:  9    Dex: 12 (13) Spells: 5/5 levels left

rFire    . . .     SeeInvis .   l - +2 whip (freeze)
rCold    . . .     Gourm    .   c - +0 shield
rNeg     . . .     Faith    .   e - +0 plate armour
rPois    .         Spirit   .   (no helmet)
rElec    .         Reflect  .   (no cloak)
rCorr    .         Harm     .   s - +1 pair of gloves {Str+3}
MR       .....                  (no boots)
Stlth    ..........             (no amulet)
HPRegen  0.16/turn              (no ring)
MPRegen  0.10/turn              (no ring)

@: brilliant, lethally poisoned (0 -> -6)
A: no striking features
a: no special abilities


You were on level 3 of the Dungeon.
You were not hungry.

You visited 1 branch of the dungeon, and saw 3 of its levels.

You collected 183 gold pieces.

Inventory:

Hand Weapons
 a - a +0 long sword
 l - a +2 whip of freezing (weapon)
Missiles
 k - 2 boomerangs (quivered)
Armour
 b - a +0 scale mail
 c - a +0 shield (worn)
 e - a +0 plate armour (worn)
 s - a +1 pair of gloves of strength (worn)
Jewellery
 o - a cursed -3 ring of evasion {unknown}
Scrolls
 h - 3 scrolls of teleportation {unknown}
 j - 2 scrolls of enchant weapon {unknown}
 m - 4 scrolls of identify {unknown}
Potions
 g - a potion of degeneration
Comestibles
 f - 8 rations
 p - 7 chunks of flesh


   Skills:
 + Level 4.0 Fighting
 * Level 4.3 Long Blades
 + Level 4.0 Armour
 + Level 4.0 Shields


You had 5 spell levels left.
You didn't know any spells.
Your spell library was empty.

Dungeon Overview and Level Annotations

Branches:
Dungeon (3/15)

Altars:
Xom

Annotations:
D:3 Robin


Message History

The jackal bites you.
* * * LOW HITPOINT WARNING * * *
You block the goblin's attack. The goblin hits you but does no damage.
The jackal bites you but does no damage.
You block the goblin's attack. Robin hits you but does no damage.
The hobgoblin hits you but does no damage.
The jackal bites you but does no damage.
The goblin hits you.
* * * LOW HITPOINT WARNING * * *
You barely miss the jackal.
The jackal is lightly wounded.
* * * LOW HITPOINT WARNING * * *
You feel sick.
The goblin no longer looks unusually strong.
You block the jackal's attack. x2; The goblin hits you but does no damage. x2
The goblin completely misses you.
The jackal bites you but does no damage.
The hobgoblin hits you but does no damage.
The goblin hits you but does no damage. The jackal bites you.
You die...

############## #............
#........... #..........
#.....?...# #......g..#
.#######.....ghg.#
............gg@gg##....
#...........ggh.##... .#..
#......##....####...# .#.#.#
####............# #...###...#..
..##............# #...#........
#.##..........######...........
#.##..........###..............
).........................>####
#.........###..##.....#รท......#


You could see Robin, 2 jackals, a hobgoblin and 7 goblins.

Vanquished Creatures
  Purgy (D:3)
  Jessica (D:3)
  Natasha (thrice) (D:2)
  A hound zombie (D:3)
  2 adders (D:2)
  2 worms (D:2)
  A dart slug (D:1)
  A leopard gecko (D:3)
  2 giant cockroaches
  11 goblins
  8 hobgoblins
  7 jackals (D:1)
  A quokka (D:2)
  A ball python (D:2)
  9 bats
  2 frilled lizards
  4 kobolds
  7 rats
64 creatures vanquished.

Notes
Turn   | Place    | Note
-------+----------+-------------------------------------------
     0 | D:1      | ReteAZ the Human Fighter began the quest for the Orb.
     0 | D:1      | Reached XP level 1. HP: 18/18 MP: 1/1
    88 | D:1      | Reached XP level 2. HP: 18/24 MP: 2/2
   188 | D:1      | Reached XP level 3. HP: 26/29 MP: 3/3
   323 | D:1      | You fall into a shaft and drop 1 floor!
   489 | D:2      | Noticed Natasha
   502 | D:2      | Killed Natasha
   502 | D:2      | Reached XP level 4. HP: 27/35 MP: 4/4
   519 | D:2      | Noticed Natasha
   530 | D:2      | Killed Natasha
   987 | D:2      | Found a faded altar of an unknown god.
  1035 | D:2      | Noticed Natasha
  1050 | D:2      | Killed Natasha
  1050 | D:2      | Reached XP level 5. HP: 32/41 MP: 5/5
  1154 | D:2      | Found a shimmering altar of Xom.
  1156 | D:2      | Found a shimmering altar of Xom.
  1156 | D:2      | Found a shimmering altar of Xom.
  1157 | D:2      | Found a shimmering altar of Xom.
  1157 | D:2      | Found a shimmering altar of Xom.
  1157 | D:2      | Found a shimmering altar of Xom.
  1754 | D:3      | Noticed Jessica
  1776 | D:3      | Killed Jessica
  1776 | D:3      | Reached XP level 6. HP: 39/48 MP: 6/6
  1828 | D:3      | Noticed Purgy
  1839 | D:3      | Killed Purgy
  1991 | D:3      | Noticed Robin
  2020 | D:3      | HP: 2/48 [goblin[Robin] (2)]
  2021 | D:3      | Slain by a jackal

Levels and vault maps discovered:
D:1:      eino_arrival_cavern_e, layout_rooms
D:2:      layout_loops_ring, xom_redecorated, chequers_ecumenical_altar_lobes,
          grunt_ministairs_15, uniq_natasha
D:3:      layout_basic, uniq_purgy, uniq_jessica, uniq_robin

Skill      XL: |  1  2  3  4  5  6 |
---------------+-------------------+-----
Long Blades    | 3 4 |  4.3
Fighting       | 4 |  4.0
Armour         | 4 |  4.0
Shields        | 4 |  4.0

Action                   |  1- 3 |  4- 6 || total
-------------------------+-------+-------++-------
Melee: Long sword        |    59 |       ||    59
       Whip              |    34 |   159 ||   193
Throw: Boomerang         |     4 |     6 ||    10
  Use: Potion            |       |     6 ||     6
       Scroll            |       |     3 ||     3
  Eat: Chunk             |       |     4 ||     4
Armor: Scale mail        |    21 |       ||    21
       Plate armour      |    48 |   195 ||   243
Dodge: Dodged            |    17 |    49 ||    66
Block: Shield            |    66 |   125 ||   191
       Rpst.: Long sword |     7 |       ||     7
